 Dungeon Crawl Stone Soup version 0.30-a0-371-gad7725a93e (webtiles) character file.

Game seed: 9278732696384823966

804 mobinator the Cudgeller (level 7, 0/58 HPs)
             Began as a Hill Orc Monk on Nov 22, 2022.
             Was a Priest of Zin.
             Slain by an orc
             ... wielding a +0 trident
              (3 damage)
             ... on level 5 of the Dungeon.
             The game lasted 00:17:44 (3672 turns).

mobinator the Cudgeller (Hill Orc Monk)             Turns: 3672, Time: 00:17:44

Health: 0/58       AC: 19    Str: 17      XL:     7   Next: 91%
Magic:  5/7        EV:  8    Int: 10 (11) God:    Zin [***...]
Gold:   254        SH:  0    Dex: 16      Spells: 2/6 levels left

rFire   . . .      SeeInvis .    B - +6 hammer "Teupuuga" {protect, rElec Dex+2}
rCold   . . .      Faith    .    (no shield)
rNeg    . . .      Spirit   .    F - +0 chain mail
rPois   ∞          Reflect  .    (no helmet)
rElec   +          Harm     .    (no cloak)
rCorr   .          Rampage  .    z - +2 pair of gloves
Will    .....                    m - +0 pair of boots
Stlth   ..........               (no amulet)
HPRegen 0.29/turn                v - ring of flight
MPRegen 0.10/turn                (no ring)

@: lethally poisoned (0 -> 0), vitalised, under a protective aura, on recite
cooldown, flying
A: no striking features
a: Renounce Religion, Recite, Vitalisation, Imprison, Donate Gold


You were on level 5 of the Dungeon.
You worshipped Zin.
Zin was most pleased with you.
You visited 1 branch of the dungeon, and saw 5 of its levels.

You collected 282 gold pieces.
You donated 28 gold pieces to Zin.

Inventory:

Hand Weapons
 a - a +0 mace
 y - a +2 flail of venom
 B - the +6 hammer "Teupuuga" (weapon) {protect, rElec Dex+2}
   (You found it on level 3 of the Dungeon)

   It grants its wielder temporary protection when it strikes (+7 to AC).
   Dex:       It affects your dexterity (+2).
   rElec:     It insulates you from electricity.
Missiles
 s - 9 poisoned darts (quivered)
 G - 6 boomerangs of dispersal
 H - a throwing net
Armour
 b - a +0 robe
 m - a +0 pair of boots (worn)
 u - a +0 scale mail
 x - a +0 ring mail
 z - a +2 pair of gloves (worn)
 F - a +0 chain mail (worn)
Jewellery
 v - a ring of flight (left hand)
Scrolls
 i - 2 scrolls of poison {unknown}
 l - a scroll of identify {unknown}
 n - a scroll of vulnerability {unknown}
 p - 3 scrolls of teleportation
 r - a scroll of enchant armour {unknown}
 A - a scroll of torment {unknown}
 C - a scroll of noise {unknown}
 D - 2 scrolls of blinking {unknown}
Potions
 c - a potion of ambrosia
 d - a potion of heal wounds {unknown}
 e - a potion of degeneration
 f - a potion of cancellation
 g - 3 potions of attraction
 h - 2 potions of lignification
 j - a potion of haste {unknown}
 k - a potion of berserk rage {unknown}
 o - a potion of resistance {unknown}
 q - a potion of invisibility {unknown}
 t - a potion of curing {unknown}
 w - a potion of mutation {unknown}
 E - 3 potions of flight {unknown}


   Skills:
 - Level 3.8 Fighting
 * Level 7.6 Maces & Flails
 - Level 3.3 Dodging
 - Level 1.8 Stealth
 * Level 0.4 Spellcasting
 - Level 4.5 Hexes


You had 2 spell levels left.
You knew the following spells:

 Your Spells              Type           Power      Damage    Failure   Level
a - Cause Fear            Hex            4%         N/A       100%        4

Your spell library contained the following spells:

 Spells                   Type           Power      Damage    Failure   Level
 Beastly Appendage        Tmut           0%         N/A       100%        1
 Wereblood                Tmut           0%         N/A       100%        2
 Inner Flame              Hex/Fire       4%         N/A       100%        3
 Spider Form              Tmut/Pois      0%         N/A       100%        3
 Discord                  Hex            4%         N/A       100%        8


Dungeon Overview and Level Annotations

Branches:
Dungeon (5/15)
 Temple: D:4-7

Altars:
Gozag
Zin


Message History

The gnoll sergeant hits you but does no damage.
You are more poisoned.
The orc barely misses you. The hound bites you but does no damage.
You hit the hound.
The hound is moderately wounded. "...for that is the word of Zin, and Zin's word is law."
The gnoll is dazed by your recitation.
You finish reciting Abominations 27:71.
You feel very sick. The hound barely misses you.
The gnoll sergeant is lost in a daze.
The orc hits you but does no damage.
You barely miss the hound.
The hound is moderately wounded.
You feel very sick. The hound bites you.
* * * LOW HITPOINT WARNING * * *
The gnoll sergeant hits you but does no damage.
You are lethally poisoned!
A gnoll comes into view. It is wielding a +0 club.
The orc hits you but does no damage. The hound bites you but does no damage.
Zin grants you divine stamina. The hound completely misses you.
The gnoll sergeant hits you but does no damage.
Your divine stamina protects you from poison!
The gnoll is lost in a daze.
The orc hits you but does no damage.
You hit the hound.
The hound is heavily wounded.
The hound bites you but does no damage.
The gnoll sergeant hits you but does no damage.
Your divine stamina protects you from poison!
The orc barely misses you. The hound bites you but does no damage.
You closely miss the hound.
The hound is heavily wounded.
The hound bites you.
* * * LOW HITPOINT WARNING * * *
The gnoll sergeant hits you from afar with a +0 spear of venom!
* * * LOW HITPOINT WARNING * * *
Your divine stamina protects you from poison!
The orc hits you from afar with a +0 trident.
You die...

.. .## ... #. ##..##...
##.##...#....
##..)........#
#..).g.....### .
.......#gg5##.#.# .##
#.....###g#o....##.....
#..... #.h............
....## ##†@......##.. .
.... #..)............ ...
...###.........#....# .#
...............##.....
..#.............$....
....#......(...#.........
#.. ##....##...#.# .....
#l .............# ..#.# .
...##.....##..## ....#


You could see a gnoll sergeant (dazed), a hound, 3 gnolls, a shadow imp and an
orc.

Vanquished Creatures
  Sigmund (D:4)
  Duvessa (D:4)
  An ogre (D:4)
  A phantom (D:3)
  A necrophage (D:4)
  Dowan (D:4)
  A howler monkey (D:4)
  A hound (D:5)
  Crazy Yiuf (D:3)
  5 gnolls
  3 adders
  2 worms
  2 dart slugs
  5 orcs
  6 endoplasms
  5 giant cockroaches
  7 goblins
  3 hobgoblins (D:3)
  A jackal (D:5)
  4 kobolds
  8 quokkas
  8 ball pythons
  4 bats
  4 frilled lizards
  5 rats
81 creatures vanquished.

Notes
Turn   | Place    | Note
-------+----------+-------------------------------------------
     0 | D:1      | mobinator the Hill Orc Monk began the quest for the Orb.
     0 | D:1      | Reached XP level 1. HP: 19/19 MP: 1/1
   258 | D:1      | Reached XP level 2. HP: 27/27 MP: 2/2
   361 | D:1      | You fall into a shaft and drop 1 floor!
   639 | D:1      | Reached XP level 3. HP: 31/33 MP: 3/3
   813 | D:1      | Reached skill level 4 in Maces & Flails
  1468 | D:2      | Found an opulent altar of Gozag.
  1868 | D:3      | Reached XP level 4. HP: 36/40 MP: 4/4
  1889 | D:3      | Noticed a phantom
  1909 | D:3      | Killed a phantom
  1910 | D:3      | Reached skill level 5 in Maces & Flails
  1910 | D:3      | Reached XP level 5. HP: 30/46 MP: 5/5
  2356 | D:3      | Learned a level 4 spell: Cause Fear
  2361 | D:3      | Identified the +6 hammer "Teupuuga" {protect, rElec Dex+2}
  2365 | D:3      | Found a runed translucent door.
  2366 | D:3      | Noticed Crazy Yiuf
  2441 | D:3      | Killed Crazy Yiuf
  2442 | D:3      | Reached skill level 1 in Hexes
  2490 | D:3      | Found a faded altar of an unknown god.
  2636 | D:4      | Reached XP level 6. HP: 52/52 MP: 6/6
  2683 | D:4      | Reached skill level 6 in Maces & Flails
  2765 | D:4      | Noticed Sigmund
  2810 | D:4      | Killed Sigmund
  2811 | D:4      | Reached XP level 7. HP: 51/58 MP: 7/7
  2882 | D:4      | Noticed Dowan
  2885 | D:4      | Noticed Duvessa
  2899 | D:4      | Killed Duvessa
  2903 | D:4      | Reached skill level 7 in Maces & Flails
  2913 | D:4      | Killed Dowan
  3424 | D:4      | Found a glowing silver altar of Zin.
  3434 | D:4      | Became a worshipper of Zin the Law-Giver
  3434 | D:4      | Reached * piety under Zin
  3434 | D:4      | Reached ** piety under Zin
  3434 | D:4      | Reached *** piety under Zin
  3616 | D:5      | Entered Level 5 of the Dungeon
  3672 | D:5      | Slain by an orc

Illustrated notes

Levels and vault maps discovered:
D:1:      minmay_arrival_loop, layout_loops_ring
D:2:      layout_loops_cross, basic_altar
D:3:      layout_rooms, hellmonk_ecumenical_altar_leap_of_faith,
          uniq_crazy_yiuf_cottage
D:4:      layout_basic, marbit_many_paths, uniq_duvessa, uniq_sigmund
D:5:      layout_cave_pools, nicolae_elyvilon_peaceful_grove, serial_gnoll_camp,
          gnoll_camp_mini_basic, gnoll_camp_mini_loothouse,
          gnoll_camp_huts_basic, gnoll_camp_mini_basic,
          gnoll_camp_mini_doghouse, gnoll_camp_mini_hut, uniq_eustachio

Skill      XL: |  1  2  3  4  5  6  7 |
---------------+----------------------+-----
Maces & Flails | 4 5 6 7 |  7.6
Dodging        | 3 |  3.3
Hexes          | 1 3 4 |  4.5
Fighting       | |  3.8
Stealth        | |  1.8
Spellcasting   | |  0.4

Action                   |  1- 3 |  4- 6 |  7- 9 || total
-------------------------+-------+-------+-------++-------
Melee: Mace              |   151 |    76 |    65 ||   292
       Punch             |     1 |     1 |     2 ||     4
       Flail             |       |     4 |       ||     4
Throw: Dart              |       |     4 |       ||     4
Invok: Recite            |       |       |     1 ||     1
       Vitalisation      |       |       |     1 ||     1
  Use: Scroll            |       |     1 |       ||     1
       Potion            |       |     4 |       ||     4
 Stab: Sleeping          |     5 |       |       ||     5
Armor: Robe              |    23 |       |       ||    23
       Scale mail        |     5 |    33 |    10 ||    48
       Skin              |       |     3 |       ||     3
       Chain mail        |       |       |    51 ||    51
Dodge: Dodged            |    98 |    35 |    32 ||   165

Table legend: (Time is in decaauts)
 A = Elapsed time spent in this place.
 B = Non-inter-level travel time spent in this place.
 C = Inter-level travel time spent in this place.
 D = Time resting spent in this place.
 E = Time spent auto-exploring this place.
 F = Levels seen in this place.
 G = Mean time per level.
                   A        B        C        D        E       F      G
               +--------+--------+--------+--------+--------+-----+--------+
         Total |   3714 |   3569 |    145 |    393 |   1889 |   5 |  742.8 |
       Dungeon |   3714 |   3569 |    145 |    393 |   1889 |   5 |  742.8 |
               +--------+--------+--------+--------+--------+-----+--------+

Top non-repeatable levels by time:
     D:4: 1006 daAuts
     D:1: 977 daAuts
     D:2: 909 daAuts
     D:3: 764 daAuts
     D:5: 56 daAuts
